 Dungeon Crawl Stone Soup version 0.30-a0-475-g03497ec522 (webtiles) character file.

Game seed: 8968256401956021208

191 vineage the Shield-Bearer (level 5, 0/33 HPs)
             Began as a Gargoyle Fighter on Dec 20, 2022.
             Killed by divine providence
             ... invoked by an orc priest
              (10 damage)
             ... on level 3 of the Dungeon.
             The game lasted 00:02:19 (1825 turns).

vineage the Shield-Bearer (Gargoyle Fighter)        Turns: 1825, Time: 00:02:19

Health: 0/33       AC: 11    Str: 22    XL:     5   Next: 70%
Magic:  5/5        EV:  9    Int:  8    God:
Gold:   147        SH:  4    Dex:  9    Spells: 4/4 levels left

rFire   + . .      SeeInvis .    a - +1 flail
rCold   + . .      Faith    .    c - +0 buckler
rNeg    + . .      Spirit   .    b - +0 scale mail
rPois   ∞          Reflect  .    (no helmet)
rElec   +          Harm     .    h - scarf {rC+ rF+}
rCorr   .          Rampage  .    (no gloves)
Will    .....                    (no boots)
Stlth   ..........               (no amulet)
HPRegen 0.25/turn                (no ring)
MPRegen 0.09/turn                (no ring)

@: mighty
A: sickness immunity, AC +4, negative energy resistance 1, electricity
resistance, torment resistance 1, petrification resistance
a: no special abilities


You were on level 3 of the Dungeon.
You visited 1 branch of the dungeon, and saw 3 of its levels.

You collected 147 gold pieces.

Inventory:

Hand Weapons
 a - a +1 flail (weapon)
Armour
 b - a +0 scale mail (worn)
 c - a +0 buckler (worn)
 h - a scarf of resistance (worn)
Jewellery
 i - an amulet of faith
Scrolls
 e - a scroll of enchant weapon
 m - a scroll of vulnerability
Potions
 d - a potion of might
 f - a potion of mutation {unknown}
 g - a potion of curing {unknown}
 l - a potion of haste {unknown}
 o - a potion of brilliance {unknown}


   Skills:
 + Level 4.2 Fighting
 * Level 3.9 Maces & Flails
 + Level 4.1 Armour
 + Level 4.2 Shields


You had 4 spell levels left.
You didn't know any spells.
Your spell library was empty.

Dungeon Overview and Level Annotations

Branches:
Dungeon (3/15)

Altars:


Innate Abilities, Weirdness & Mutations

You are immune to sickness and miasma.
Your stone body is resilient. (AC +4)
You are immune to poison.
You resist negative energy. (rN+)
You are resistant to electric shocks. (rElec)
You are resistant to unholy torment.
You are immune to petrification.


Message History

You are too injured to fight recklessly!
You are too injured to fight recklessly!
You are too injured to fight recklessly!
You are too injured to fight recklessly!
You are too injured to fight recklessly!
The orc attacks as you move away! You block the orc's attack.
The orc priest calls down the wrath of Beogh upon you.
Beogh smites you!
* * * LOW HITPOINT WARNING * * *
You feel much better. The orc hits you but does no damage.
The orc attacks as you move away! The orc hits you but does no damage.
The orc priest invokes the aid of Beogh against you.
Beogh smites you!
The orc wizard mumbles some strange words.
The orc wizard flickers and vanishes!
The orc attacks as you move away! The orc barely misses you.
The orc attacks as you move away! The orc barely misses you.
You feel very mighty all of a sudden. The orc hits you but does no damage.
You barely miss the orc. The orc hits you but does no damage.
You sock the orc!
You kill the orc!
You closely miss something. Something hits you but does no damage.
You miss something. Something hits you but does no damage.
You hear some strange, mumbled words.
A magic dart appears from out of thin air!
The magic dart hits you.
* * * LOW HITPOINT WARNING * * *
You sock something!
Reactivating autopickup.
You feel a bit more experienced.
You closely miss the orc. The orc barely misses you.
You bludgeon the orc!!
You kill the orc!
You closely miss the orc. The orc hits you but does no damage. x2
You sock the orc!
You kill the orc!
The orc priest calls down the wrath of Beogh upon you.
Beogh smites you!
You die...

.# ..... .# #....
.##### #...# .....#
#..o# ..##.#####...#
........##..)#
#######.##o.o# ########
##...##.##g..# #......#
#.....#.....o###@####.#
......#.#.....##)####.#
#.....#......o.go..##.#
##...##.##..####.#.##.#
###.###.###.# #......#
........# #.# ###.####
......### #.# #.#
##.##.# #.# #.# ##.##.#
###.######.#######


You could see an orc priest and a goblin.

Vanquished Creatures
  A necrophage (D:3)
  An orc wizard (D:3)
  Terence (D:2)
  A worm (D:2)
  2 dart slugs
  4 orcs (D:3)
  9 endoplasms
  4 giant cockroaches
  8 goblins
  5 hobgoblins
  10 jackals (D:1)
  4 quokkas (D:1)
  5 ball pythons
  3 bats
  5 frilled lizards
  2 kobolds (D:1)
65 creatures vanquished.

Notes
Turn   | Place    | Note
-------+----------+-------------------------------------------
     0 | D:1      | vineage the Gargoyle Fighter began the quest for the Orb.
     0 | D:1      | Reached XP level 1. HP: 14/14 MP: 1/1
    97 | D:1      | Reached XP level 2. HP: 19/19 MP: 2/2
   256 | D:1      | Reached XP level 3. HP: 13/23 MP: 3/3
   753 | D:2      | Noticed Terence
   762 | D:2      | Killed Terence
   763 | D:2      | Reached XP level 4. HP: 22/29 MP: 4/4
  1031 | D:2      | Found a faded altar of an unknown god.
  1296 | D:2      | Identified the +1 robe of Spring {Will+ Stlth+}
  1582 | D:3      | Noticed a necrophage
  1591 | D:3      | Killed a necrophage
  1592 | D:3      | Reached XP level 5. HP: 33/33 MP: 5/5
  1825 | D:3      | Killed from afar by an orc priest

Illustrated notes

Levels and vault maps discovered:
D:1:      ebering_hopf_link, layout_rooms, minmay_cut_off
D:2:      layout_loops_cross, shapermc_ecumenical_altar_starsandcircs,
          minmay_hedge_maze, dreamdust_princess_corridor, minmay_crystal_water,
          uniq_terence
D:3:      layout_loops_cross, chequers_serial_rivers_room_a,
          minmay_misc_feat_enclosed, minmay_misc_feat_doors

Skill      XL: |  1  2  3  4 |
---------------+-------------+-----
Maces & Flails | 3 |  3.9
Fighting       | 4 |  4.2
Armour         | 4 |  4.1
Shields        | 4 |  4.2

Action                   |  1- 3 |  4- 6 || total
-------------------------+-------+-------++-------
Melee: Flail             |   102 |    81 ||   183
  Use: Scroll            |     2 |     4 ||     6
       Potion            |       |     2 ||     2
Armor: Scale mail        |    96 |    41 ||   137
Dodge: Dodged            |    58 |    29 ||    87
Block: Buckler           |    26 |    14 ||    40

Table legend: (Time is in decaauts)
 A = Elapsed time spent in this place.
 B = Non-inter-level travel time spent in this place.
 C = Inter-level travel time spent in this place.
 D = Time resting spent in this place.
 E = Time spent auto-exploring this place.
 F = Levels seen in this place.
 G = Mean time per level.
                   A        B        C        D        E       F      G
               +--------+--------+--------+--------+--------+-----+--------+
         Total |   1881 |   1755 |    126 |      0 |   1321 |   3 |  627.0 |
       Dungeon |   1881 |   1755 |    126 |      0 |   1321 |   3 |  627.0 |
               +--------+--------+--------+--------+--------+-----+--------+

Top non-repeatable levels by time:
     D:2: 826 daAuts
     D:1: 781 daAuts
     D:3: 274 daAuts
